[Event "Snabb-SM för veteraner, 50+ 2019"]
[Site "Schackcentrum, Vegagatan 20, Gothenburg, Sweden"]
[Date "2019.10.05"]
[Round "5.6"]
[White "Hautajarvi, Jukka"]
[Black "Ansner, Bjorn"]
[Result "1/2-1/2"]
[TimeControl "15 minutes + 10 seconds per move from move one"]
[WhiteFideId "1716190"]
[BlackFideId "1702769"]
[WhiteElo "2145"]
[BlackElo "1934"]

1. d4 d5 2. Nf3 e6 3. e3 f5 4. c4 c6 5. Be2 Nf6 6. Nc3 Bd6 7. Ne5 O-O 8. f4 Nbd7 9. O-O Ne4 10.
Nxe4 dxe4 11. Nxd7 Bxd7 12. c5 Be7 13. Bd2 b6 14. b4 a5 15. a3 axb4 16. axb4 Qc7 17. Bc4 b5 18. Bb3 Qb7 19.
Qc2 Rxa1 20. Rxa1 Ra8 21. Bc3 Rxa1+ 22. Bxa1 Bf6 23. Qa2 Kf7 24. g4 g6 25. g5 Bg7 26. d5 exd5 27. Bxg7 Kxg7 28. Qb2+ Kg8 29. Qf6 Be8 30.
Kf2 Qg7 31. Qd4 Qxd4 32. exd4 1/2-1/2

[Event "Snabb-SM för veteraner, 50+ 2019"]
[Site "Schackcentrum, Vegagatan 20, Gothenburg, Sweden"]
[Date "2019.10.05"]
[Round "5.7"]
[White "Madebrink, Lars"]
[Black "Bergre, Joachim"]
[Result "0-1"]
[TimeControl "15 minutes + 10 seconds per move from move one"]
[WhiteFideId "1701347"]
[BlackFideId "1704893"]
[WhiteElo "2179"]
[BlackElo "2035"]

1. d4 Nf6 2. c4 c5 3. Nf3 g6 4. g3 Bg7 5. Bg2 O-O 6. O-O d6 7. Nc3 Nc6 8.
dxc5 dxc5 9. Bf4 Qa5 10. Ne5 Nd4 11. Nd5 Nxd5 12. cxd5 Qb5 13. Nd3 c4 14. a4 Qb3 15. Ne5 Qxd1 16.
Rfxd1 Nxe2+ 17. Kf1 Nxf4 18. gxf4 Bf5 19. Nxc4 Bc2 20. Rd2 Bf5 21. d6 exd6 22.
Nxd6 Be6 23. Nxb7 Rab8 24. Rad1 Bh6 25. Nc5 Bxf4 26. Nxe6 fxe6 27. Rd7 Rxb2 28. Rxa7 Be3 29. Rdd7 Rfxf2+ 30. Ke1 Rb1+ 0-1

[Event "Snabb-SM för veteraner, 50+ 2019"]
[Site "Schackcentrum, Vegagatan 20, Gothenburg, Sweden"]
[Date "2019.10.05"]
[Round "5.9"]
[White "Naslund, Mikael"]
[Black "Jacobsson, Lennart"]
[Result "1-0"]
[TimeControl "15 minutes + 10 seconds per move from move one"]
[WhiteTitle "FM"]
[WhiteFideId "1708260"]
[BlackFideId "1753320"]
[WhiteElo "2076"]
[BlackElo "1833"]

1. d4 d5 2. c4 Bf5 3. Nc3 e6 4. Nf3 c6 5. Qb3 Qc8 6. Bf4 Nd7 7. cxd5 exd5 8. Rc1 Ngf6 9. Nb5 Nh5 10. Qe3+ Kd8 11. Bc7+ 1-0

[Event "Snabb-SM för veteraner, 50+ 2019"]
[Site "Schackcentrum, Vegagatan 20, Gothenburg, Sweden"]
[Date "2019.10.05"]
[Round "5.10"]
[White "Karlsson, Ulf"]
[Black "Wesslen, Ulf"]
[Result "0-1"]
[TimeControl "15 minutes + 10 seconds per move from move one"]
[WhiteFideId "1721674"]
[BlackFideId "1705199"]
[WhiteElo "2035"]
[BlackElo "1971"]

1. e4 c5 2. Nc3 e6 3. g3 Nc6 4. Bg2 a6 5. d3 d6 6. f4 Nf6 7. Nf3 d5 8. e5 Nd7 9. O-O Be7 10.
Ne2 O-O 11. c3 f6 12. d4 Qe8 13. g4 fxe5 14. fxe5 cxd4 15. cxd4 Nb6 16. b3 Bd7 17. Be3 Rc8 18. Qe1 Nb4 19.
Rc1 Qg6 20. Rxc8 Rxc8 21. h3 Nxa2 22.
Qa5 Qc2 23. Rf2 Rc6 24. Bd2 Qxb3 25. Bg5 Bb4 26. Nd2 Qd1+ 27. Rf1 Qxf1+ 28. Kxf1 Bxa5 29. Nb3 Bb4 30. Nf4 a5 31. Nd3 Bc3 32.
Nbc5 Bxd4 33. Nxb7 a4 34. Nf4 Nb4 35. Be7 Rc1+ 36. Ke2 Rc2+ 37. Kf3 Na2 38. g5 Bxe5 39. g6 Bxf4 40. gxh7+ Kxh7 41. Bf1 Rc3+ 42. Kxf4 Nc4 43. Be2 e5+ 44.
Kg5 Rg3+ 45. Kh4 Rxh3+ 46. Kg5 Ne3 47. Bh5 Rxh5+ 48. Kxh5 Nc4 49. Nc5 Be8+ 50. Kg4 a3 51. Nd3 Kg6 52. Bc5 Nc3 53. Bb4 Ne4 54. Nxe5+ Nxe5+ 55. Bxa3 Bd7+ 56. Kf4 Nc4 57. Be7 Kf7 58. Bd8 Kg6 59. Bc7 Kh5 60. Bd8 g5+ 61.
Kf3 Kg6 62. Bc7 Kf5 63. Bb8 Ne5+ 64.
Kg2 Bc6 65. Ba7 Kg4 66. Bd4 Nd3 67. Kf1 Kf3 68. Ba7 g4 69. Kg1 g3 70. Bb6 Nf4 71. Ba7 Ne2+ 72. Kh1 d4 73. Bxd4 Nxd4 0-1

[Event "Snabb-SM för veteraner, 50+ 2019"]
[Site "Schackcentrum, Vegagatan 20, Gothenburg, Sweden"]
[Date "2019.10.05"]
[Round "5.11"]
[White "Frisk, Hans"]
[Black "Andersson, Kjell-Ake"]
[Result "1-0"]
[TimeControl "15 minutes + 10 seconds per move from move one"]
[WhiteFideId "1708570"]
[BlackFideId "1713825"]
[WhiteElo "1948"]
[BlackElo "1854"]

1. b3 Nf6 2. Bb2 g6 3. Bxf6 exf6 4. c4 f5 5. Nc3 Bg7 6. Rc1 O-O 7. g3 Nc6 8. Bg2 Re8 9. e3 b6 10.
Nge2 Bb7 11. O-O Qc8 12. Nd5 Ne7 13. Nef4 c6 14. Nxe7+ Rxe7 15. h4 Qe8 16. d4 d6 17. Re1 Rd8 18.
Qd2 h6 19. b4 Kh7 20. b5 cxb5 21. Nd5 Bxd5 22. Bxd5 bxc4 23. Bxc4 d5 24. Bd3 Qd7 25. Qc2 Rde8 26. Red1 h5 27.
a4 Qd6 28. Kg2 Bf6 29. Bb5 Rd8 30. Qd3 Re4 31. Rc6 Qe7 32. Rh1 Bg7 33. Qc2 Re6 34. Rc7 Qf8 35. Rxa7 Rc8 36. Rc7 Rxc7 37. Qxc7 Qe7 38. Qxe7 Rxe7 39. Rc1 Bf6 40. Rc6 Kg7 41.
Rxb6 Ra7 42. Kf3 Be7 43. Ke2 Bb4 44. Bc6 Bc3 45. Bxd5 Rxa4 46. Rb7 Ra1 47. Rxf7+ Kh6 48. Rc7 Re1+ 49.
Kd3 Ba5 50. Ra7 Bb4 51. Bg8 g5 52. hxg5+ Kxg5 53. Kc4 Bf8 54. Rf7 Ba3 55. Bh7 Rc1+ 56. Kd5 h4 57. gxh4 Kxh4 58. Rxf5 1-0

[Event "Snabb-SM för veteraner, 50+ 2019"]
[Site "Schackcentrum, Vegagatan 20, Gothenburg, Sweden"]
[Date "2019.10.05"]
[Round "6.1"]
[White "Svenn, Gosta"]
[Black "Svensson, Sven"]
[Result "1-0"]
[TimeControl "15 minutes + 10 seconds per move from move one"]
[WhiteTitle "FM"]
[WhiteFideId "1700553"]
[BlackFideId "1709240"]
[WhiteElo "2272"]
[BlackElo "2158"]

1. d4 Nf6 2. c4 e6 3. Nf3 Bb4+ 4. Bd2 Qe7 5. g3 Nc6 6. a3 Bxd2+ 7. Qxd2 a5 8. Nc3 d6 9. d5 Nb8 10.
Qc2 O-O 11. Bg2 e5 12. O-O Na6 13. e4 Bd7 14. Nd2 c6 15. Rab1 Rfc8 16. b4 axb4 17. axb4 cxd5 18. cxd5 Bb5 19.
Rfc1 Rc7 20. Qb2 Bd7 21. Bf1 Qe8 22. Nc4 Qe7 23. Nb6 Rb8 24. Bd3 g6 25. Qe2 Be8 26. Rc2 Qd8 27. Nca4 Bxa4 28.
Nxa4 Rxc2 29. Qxc2 Nd7 30. Qe2 Nc7 31. Rc1 Ra8 32. Qc2 Ne8 33. Bb5 Nb6 34. Bxe8 1-0

[Event "Snabb-SM för veteraner, 50+ 2019"]
[Site "Schackcentrum, Vegagatan 20, Gothenburg, Sweden"]
[Date "2019.10.05"]
[Round "6.2"]
[White "Borvander, Tom"]
[Black "Angskog, Kent"]
[Result "1/2-1/2"]
[TimeControl "15 minutes + 10 seconds per move from move one"]
[WhiteFideId "1707388"]
[BlackFideId "1703668"]
[WhiteElo "2066"]
[BlackElo "2136"]

1. d4 d6 2. Nf3 Nf6 3. c4 Bg4 4.
Nc3 Nc6 5. d5 Bxf3 6. gxf3 Ne5 7. f4 Ng6 8. Qa4+ Qd7 9. Qxd7+ Nxd7 10. e4 e5 11. f5 Nf4 12. Be3 g6 13.
O-O-O a6 14. Kb1 gxf5 15. exf5 Nf6 16. Ne2 Bh6 17. Nxf4 Bxf4 18. Bxf4 exf4 19. Rd4 Kd7 20. Rxf4 Rae8 21.
Bd3 Rhg8 22. Rh4 h5 23. h3 Rg2 24. Rf1 Rh2 25. a3 Rg8 26. Be2 Rg5 27. Bd3 Rgg2 28. Be2 Rg5 29. Bd3 Rgg2 1/2-1/2

[Event "Snabb-SM för veteraner, 50+ 2019"]
[Site "Schackcentrum, Vegagatan 20, Gothenburg, Sweden"]
[Date "2019.10.05"]
[Round "6.3"]
[White "Eriksson, Kristian"]
[Black "Andreasson, Ingvar"]
[Result "1-0"]
[TimeControl "15 minutes + 10 seconds per move from move one"]
[WhiteFideId "1705172"]
[BlackFideId "1700294"]
[WhiteElo "2025"]
[BlackElo "2413"]

1. e4 c5 2. Nf3 e6 3. Nc3 a6 4.
d4 cxd4 5. Nxd4 Ne7 6. g3 Nec6 7. Bg2 Be7 8. O-O O-O 9. Be3 d6 10. Qd2 Ne5 11. b3 Ng4 12. Rad1 Nxe3 13. Qxe3 Qc7 14.
Rd2 Bd7 15. Rfd1 Nc6 16. Nxc6 bxc6 17. Ne2 a5 18. c4 Qa7 19. Qxa7 Rxa7 20. Nd4 Rb8 21. e5 d5 22. cxd5 cxd5 23.
Rc2 Ba3 24. f4 a4 25. f5 Kf8 26. fxe6 fxe6 27. Bh3 Rb6 28. Kg2 Ke7 29. Rf1 axb3 30. axb3 Bb4 31. Rfc1 Ba3 32. Rf1 Rba6 33.
Rcf2 Be8 34. Rf8 Bg6 35. Rg8 Bc5 36. Rxg7+ Ke8 37. Rg8+ Kd7 38. Rg7+ Be7 39. Nb5 Rb7 40. Nd4 Rb4 41.
Rd1 Ra2+ 42. Kg1 Rb6 43. Nxe6 Bc2 1-0

[Event "Snabb-SM för veteraner, 50+ 2019"]
[Site "Schackcentrum, Vegagatan 20, Gothenburg, Sweden"]
[Date "2019.10.05"]
[Round "6.4"]
[White "Svenn, Matti"]
[Black "Naslund, Mikael"]
[Result "0-1"]
[TimeControl "15 minutes + 10 seconds per move from move one"]
[BlackTitle "FM"]
[WhiteFideId "1705091"]
[BlackFideId "1708260"]
[WhiteElo "2195"]
[BlackElo "2076"]

1. e4 d5 2. exd5 Nf6 3. c4 c6 4. d4 cxd5 5. Nc3 g6 6. h3 Bg7 7. Nf3 O-O 8. Be3 Nc6 9. Qd2 Ne4 10. Nxe4 dxe4 11. Ng5 Nxd4 12.
Nxe4 Bf5 13. Bd3 Qc7 14. Bxd4 Bxd4 15. O-O Rad8 16. Qe2 Bxb2 17. Rad1 Bd4 18. g4 Bd7 19. Kg2 Ba4 20. Rd2 Bc6 21.
f3 Qf4 22. Ng3 Bc3 23. Rdd1 Ba4 0-1

[Event "Snabb-SM för veteraner, 50+ 2019"]
[Site "Schackcentrum, Vegagatan 20, Gothenburg, Sweden"]
[Date "2019.10.05"]
[Round "6.5"]
[White "Holst, Conny"]
[Black "Sigeman, Johan"]
[Result "1-0"]
[TimeControl "15 minutes + 10 seconds per move from move one"]
[WhiteFideId "1701428"]
[BlackFideId "1705601"]
[WhiteElo "2166"]
[BlackElo "2100"]

1. d4 Nf6 2. c4 e6 3. Nc3 Bb4 4. e3 O-O 5. Bd3 d5 6. cxd5 exd5 7. Nge2 Re8 8. O-O Nbd7 9. Ng3 Nf8 10.
f3 c6 11. Nce2 Ne6 12. Kh1 Bf8 13. Bd2 c5 14. Rc1 Qb6 15. Bc3 cxd4 16. Nxd4 Nc5 17. Bb1 Rxe3 18. Ndf5 Bxf5 19. Nxf5 Re6 20.
Qd2 Rae8 21. Qg5 Kh8 22. Rcd1 Ncd7 23. Rxd5 Qf2 24. Rdd1 Qe2 25. Bd3 1-0

[Event "Snabb-SM för veteraner, 50+ 2019"]
[Site "Schackcentrum, Vegagatan 20, Gothenburg, Sweden"]
[Date "2019.10.05"]
[Round "6.6"]
[White "Bergre, Joachim"]
[Black "Andersson, Johan"]
[Result "0-1"]
[TimeControl "15 minutes + 10 seconds per move from move one"]
[WhiteFideId "1704893"]
[BlackFideId "1703935"]
[WhiteElo "2035"]
[BlackElo "2152"]

1. Nf3 f5 2. d3 Nc6 3. e4 e5 4. exf5 d5 5. Bg5 Be7 6. Bxe7 Qxe7 7. Nc3 d4 8. Ne4 Bxf5 9. Qd2 O-O-O 10. O-O-O Nf6 11. Nxf6 gxf6 12. a3 Qc5 13. Kb1 Rhg8 14. Qc1 Qd5 15. Nd2 Be6 16. b3 f5 17. f3 Qd6 18. Kb2 Qc5 19.
Nb1 Rg6 20. g3 Ne7 21. Rd2 Nd5 22. Re2 Ne3 23. c4 Bd7 24. Re1 Bc6 25. Be2 e4 26. fxe4 fxe4 27. Rhg1 Rf6 28. Bf1 Rf2+ 29.
Re2 Rdf8 30. Bh3+ Kb8 31. Qe1 Rxe2+ 32. Qxe2 exd3 33. Qxd3 Rf2+ 34. Nd2 Rxh2 35. Bf1 Qe5 36.
Kb1 a5 37. b4 axb4 38. axb4 Bd7 39. Kc1 Bf5 40. Qa3 Bg6 41. Bd3 Qf6 42. Bxg6 hxg6 43. Qd3 Qf2 44. Rd1 Nxd1 45. Kxd1 Rg2 0-1

[Event "Snabb-SM för veteraner, 50+ 2019"]
[Site "Schackcentrum, Vegagatan 20, Gothenburg, Sweden"]
[Date "2019.10.05"]
[Round "6.7"]
[White "Wesslen, Ulf"]
[Black "Hautajarvi, Jukka"]
[Result "1-0"]
[TimeControl "15 minutes + 10 seconds per move from move one"]
[WhiteFideId "1705199"]
[BlackFideId "1716190"]
[WhiteElo "1971"]
[BlackElo "2145"]

1. d4 Nf6 2. c4 c5 3. d5 e5 4. Nc3 d6 5. h3 Bf5 6. e3 Be7 7. g4 Bg6 8. Bg2 Nbd7 9. Nge2 h6 10.
Ng3 a6 11. Nf5 Bxf5 12. gxf5 Nb6 13. Qe2 Qd7 14. e4 Na4 15. Qc2 Nxc3 16. Qxc3 b5 17. Rg1 bxc4 18. Bf3 g5 19. fxg6 fxg6 20.
Rxg6 Qxh3 21. Rg3 Qh4 22. Qxc4 Kf7 23. Bd2 Rag8 24. Rxg8 Rxg8 25. Ke2 Ng4 26. Rf1 Nh2 27. Rh1 Qh3 28. Qd3 Rg6 29. Rc1 Kg7 30.
Bh1 Qh4 31. Rc3 Rg1 32. Bf3 Rf1 33. Be1 Rg1 34. Qxa6 Qh3 35. Bg2 Qh5+ 36. Bf3 Qf7 37. Bd2 Kh7 38. Ra3 Rg7 39. Qc8 Qg6 40.
Qh3 Nxf3 41. Qxf3 Rf7 42. Qd3 Bh4 43. Be3 Qg4+ 44. Ke1 Qg2 45. Qc2 Qh1+ 46. Ke2 Qf3+ 47. Ke1 Rg7 48. Qe2 Qxe4 49. Qh5 Rg1+ 50. Kd2 1-0

[Event "Snabb-SM för veteraner, 50+ 2019"]
[Site "Schackcentrum, Vegagatan 20, Gothenburg, Sweden"]
[Date "2019.10.05"]
[Round "6.8"]
[White "Ansner, Bjorn"]
[Black "Gamback, Bjorn"]
[Result "0-1"]
[TimeControl "15 minutes + 10 seconds per move from move one"]
[BlackTitle "CM"]
[WhiteFideId "1702769"]
[BlackFideId "1703161"]
[WhiteElo "1934"]
[BlackElo "2120"]

1. d4 d5 2. Nf3 c5 3. Bf4 Nc6 4. e3 Bf5 5. c3 e6 6. Bd3 Bg6 7. O-O Nf6 8. Ne5 Bd6 9. Qe2 Qc7 10.
Nd2 c4 11. Bxg6 hxg6 12. Ndf3 Ne4 13. h3 Ne7 14. Bh2 f6 15. Ng4 f5 16. Bxd6 Qxd6 17. Nge5 g5 18. Nd2 Nxd2 19. Qxd2 Rh6 20. b3 cxb3 21. axb3 Ng6 22.
Nxg6 Rxg6 23. f4 g4 24. hxg4 Rxg4 25. Kf2 g5 26. g3 a6 27. Rh1 O-O-O 28. b4 Rg8 29. Rag1 Qb6 30. Rh6 Qd6 31.
Rh7 gxf4 32. exf4 R4g7 33. Rxg7 Rxg7 34. Qe3 Kd7 35. Qe5 Qxe5 36. fxe5 Kc6 37. Ke3 Kb5 38. Kd3 Rg4 39. Ke3 Kc4 40. Kf3 Kxc3 41. Rc1+ Kxd4 42. Rc7 b5 43. Rc6 Kxe5 44.
Rxa6 Rxb4 0-1

[Event "Snabb-SM för veteraner, 50+ 2019"]
[Site "Schackcentrum, Vegagatan 20, Gothenburg, Sweden"]
[Date "2019.10.05"]
[Round "6.9"]
[White "Jacobsson, Lennart"]
[Black "Frisk, Hans"]
[Result "1/2-1/2"]
[TimeControl "15 minutes + 10 seconds per move from move one"]
[WhiteFideId "1753320"]
[BlackFideId "1708570"]
[WhiteElo "1833"]
[BlackElo "1948"]

1. e4 e5 2. Nf3 Nf6 3. Nc3 Bb4 4. d3 Nc6 5. Bg5 h6 6. Bh4 g5 7. Bg3 d6 8. Be2 Be6 9. a3 Bxc3+ 10. bxc3 O-O 11. Rb1 b6 12. h4 g4 13. Nh2 h5 14.
f3 Kh7 15. fxg4 hxg4 16. Nxg4 Rg8 17. Nxf6+ Qxf6 18. Rf1 Qg6 19. Rf3 Bg4 20. Re3 Qh5 21. Kd2 Ne7 22. Qf1 f5 23. exf5 Nxf5 24.
Bxg4 Nxe3 25. Bxh5 Nxf1+ 26. Rxf1 Rxg3 27. Rf7+ Rg7 28. Rxg7+ Kxg7 29. Bf3 Rh8 30. h5 Kf6 31. Ke3 Kg5 32. Ke4 c6 33. c4 Rf8 34.
Ke3 Rc8 35. Ke4 Rc7 36. a4 a5 37. Ke3 d5 38. cxd5 cxd5 39. Kd2 Rc5 40. c3 e4 41. dxe4 dxe4 42. Bxe4 Kxh5 43. Kd3 Kg4 44. Bf3+ Kf4 45.
Kd4 Rg5 46. Kd3 Ke5 47. Ke3 Rg3 48.
Kd3 Kd6 49. Kc4 Rg5 50. Kd4 Rf5 51. Kc4 Rg5 52. Kd4 Re5 1/2-1/2

[Event "Snabb-SM för veteraner, 50+ 2019"]
[Site "Schackcentrum, Vegagatan 20, Gothenburg, Sweden"]
[Date "2019.10.05"]
[Round "6.10"]
[White "Kirppo, Ronny"]
[Black "Madebrink, Lars"]
[Result "1-0"]
[TimeControl "15 minutes + 10 seconds per move from move one"]
[WhiteFideId "1724681"]
[BlackFideId "1701347"]
[WhiteElo "1877"]
[BlackElo "2179"]

1. d4 d5 2. c4 Nc6 3. Nc3 dxc4 4. Nf3 Bg4 5. d5 Bxf3 6. exf3 Ne5 7. Bf4 Nd3+ 8. Bxd3 cxd3 9. Qxd3 c6 10.
O-O Nf6 11. Rfd1 cxd5 12. Qb5+ Qd7 13. Nxd5 Nxd5 14. Qxd7+ Kxd7 15. Rxd5+ Kc6 16. Rd3 e6 17. Rc1+ Kb5 18. Rc7 b6 19.
Rxf7 Bc5 20. Rxg7 Rhd8 21. Rgd7 Rxd7 22. Rxd7 h5 23. Be3 Kc6 24. Rd3 Bd6 25. g3 Rf8 26. f4 Rf5 27. Kg2 a5 28. Rc3+ Kb5 29. Rb3+ Bb4 30. Rd3 a4 31. Rd7 Rd5 32. Rxd5+ exd5 33. f5 Kc4 34.
Bxb6 d4 35. f6 d3 36. Kf1 a3 37.
bxa3 Bxa3 38. Ba5 Kd5 39. Ke1 Ke4 40. f7 Kf3 41. Bb6 Bb4+ 42. Kd1 Ba3 43. Kd2 Ke4 44. Be3 Bb4+ 45. Kd1 Kf3 46. a4 Ke4 47. a5 Kd5 48. a6 Kc6 49. Bh6 1-0

[Event "Snabb-SM för veteraner, 50+ 2019"]
[Site "Schackcentrum, Vegagatan 20, Gothenburg, Sweden"]
[Date "2019.10.05"]
[Round "6.11"]
[White "Andersson, Christer"]
[Black "Karlsson, Ulf"]
[Result "1-0"]
[TimeControl "15 minutes + 10 seconds per move from move one"]
[WhiteFideId "1734857"]
[BlackFideId "1721674"]
[WhiteElo "1678"]
[BlackElo "2035"]

1. Nf3 c5 2. e4 Nc6 3. Nc3 e5 4. g3 d6 5. Bg2 Nge7 6. O-O Ng6 7. d3 Be7 8. h3 O-O 9. Kh2 f5 10.
exf5 Bxf5 11. Nd5 Be6 12. Ne1 Qd7 13. f4 exf4 14. Nxf4 Nxf4 15. Bxf4 Bf6 16. c3 Rae8 17. Qd2 Ne5 18.
Nf3 Ng6 19. Bg5 b6 20. d4 Bc4 21. Rfe1 Qf5 22. Bxf6 Qxf6 23. b3 Ba6 24. Rxe8 Rxe8 25. Re1 Rxe1 26. Qxe1 Kf8 27. Qe4 Qe7 28.
Qa8+ Kf7 29. Ng5+ Qxg5 30. Bd5+ Kf6 31. Qd8+ Ne7 32. Qxd6+ Kf5 33. Qe6# 1-0

[Event "Snabb-SM för veteraner, 50+ 2019"]
[Site "Schackcentrum, Vegagatan 20, Gothenburg, Sweden"]
[Date "2019.10.06"]
[Round "7.1"]
[White "Svenn, Gosta"]
[Black "Eriksson, Kristian"]
[Result "1-0"]
[TimeControl "15 minutes + 10 seconds per move from move one"]
[WhiteTitle "FM"]
[WhiteFideId "1700553"]
[BlackFideId "1705172"]
[WhiteElo "2272"]
[BlackElo "2025"]

1. d4 Nf6 2. c4 g6 3. Nc3 Bg7 4. e4 d6 5. Nf3 O-O 6. Be2 Bg4 7. Be3 Nfd7 8. Rc1 Bxf3 9. Bxf3 e5 10.
d5 f5 11. Be2 Nf6 12. exf5 gxf5 13. f4 Nbd7 14. O-O e4 15. Qd2 a6 16. Bd4 Qe8 17. Nd1 Qg6 18. Rc3 Rae8 19. Rg3 Qf7 20.
Ne3 Ng4 21. Nxf5 Qxf5 22. Bxg4 1-0

[Event "Snabb-SM för veteraner, 50+ 2019"]
[Site "Schackcentrum, Vegagatan 20, Gothenburg, Sweden"]
[Date "2019.10.06"]
[Round "7.2"]
[White "Naslund, Mikael"]
[Black "Borvander, Tom"]
[Result "1-0"]
[TimeControl "15 minutes + 10 seconds per move from move one"]
[WhiteTitle "FM"]
[WhiteFideId "1708260"]
[BlackFideId "1707388"]
[WhiteElo "2076"]
[BlackElo "2066"]

1. d4 Nf6 2. c4 g6 3. Nc3 Bg7 4. e4 d6 5. Be2 O-O 6. Nf3 e5 7. O-O Nc6 8. d5 Ne7 9. Ne1 Nd7 10. f3 a5 11. Nd3 b6 12. Bd2 f5 13. g4 Kh8 14. g5 f4 15. h4 Ng8 16. Rf2 Nc5 17. Nxc5 bxc5 18. a3 Rf7 19. b4 axb4 20. axb4 Rxa1 21. Qxa1 cxb4 22. Nb5 Bf8 23. Bxb4 h6 24. Qa8 Be7 25. Ba5 Qd7 26. Bf1 hxg5 27.
hxg5 Bxg5 28. Bxc7 Be7 29. Rh2+ Kg7 30. Bh3 1-0

[Event "Snabb-SM för veteraner, 50+ 2019"]
[Site "Schackcentrum, Vegagatan 20, Gothenburg, Sweden"]
[Date "2019.10.06"]
[Round "7.3"]
[White "Angskog, Kent"]
[Black "Holst, Conny"]
[Result "1/2-1/2"]
[TimeControl "15 minutes + 10 seconds per move from move one"]
[WhiteFideId "1703668"]
[BlackFideId "1701428"]
[WhiteElo "2136"]
[BlackElo "2166"]

1. c4 Nf6 2. Nc3 e6 3. e4 d5 4. e5 d4 5. exf6 dxc3 6. bxc3 Qxf6 7. Nf3 c5 8. d4 h6 9. Be2 cxd4 10. cxd4 Bb4+ 11. Bd2 Bxd2+ 12. Qxd2 O-O 13. O-O b6 14. a4 Bb7 15. a5 Rd8 16. Rfd1 Nc6 17. a6 Bc8 18. Qe3 Bd7 19. d5 exd5 20.
cxd5 Re8 21. Qd2 Na5 22. Nd4 Rad8 23. Qb4 Re4 24. Bf3 Rxd4 25. Rxd4 Nb3 26. Rad1 Nxd4 27. Rxd4 Rc8 28. h3 Qe5 29.
g3 Bxh3 30. Re4 Qf6 31. Rf4 Qa1+ 32. Kh2 g5 33. Re4 Bf5 34. Rc4 Qxa6 35. Rxc8+ Qxc8 36. Qd6 Kg7 37. Qe5+ Kg6 38. g4 Bd3 39.
Be4+ Bxe4 40. Qxe4+ f5 41. Qe7 fxg4 42. d6 Qf5 43. d7 Qxf2+ 44. Kh1 Qf1+ 45. Kh2 g3+ 46. Kxg3 Qg1+ 47. Kf3 Qf1+ 48. Kg3 1/2-1/2

[Event "Snabb-SM för veteraner, 50+ 2019"]
[Site "Schackcentrum, Vegagatan 20, Gothenburg, Sweden"]
[Date "2019.10.06"]
[Round "7.4"]
[White "Andersson, Johan"]
[Black "Wesslen, Ulf"]
[Result "1-0"]
[TimeControl "15 minutes + 10 seconds per move from move one"]
[WhiteFideId "1703935"]
[BlackFideId "1705199"]
[WhiteElo "2152"]
[BlackElo "1971"]

1. e4 Nf6 2. e5 Nd5 3. d4 d6 4. c4 Nb6 5. exd6 cxd6 6. Nc3 g6 7. Be3 Bg7 8. Rc1 O-O 9. b3 a5 10.
Nf3 a4 11. Be2 axb3 12. axb3 Bg4 13. h3 Bxf3 14. Bxf3 Nc6 15. O-O h6 16. Qd2 Kh7 17. Ra1 Qd7 18. d5 Ne5 19. Be2 Rxa1 20.
Rxa1 Qd8 21. Ra7 Ned7 22. Rxb7 Qa8 23. Rxb6 Nxb6 24. Bxb6 Qa1+ 25. Nd1 Rb8 26. Qe3 f5 27.
g3 Rb7 28. b4 Qa2 29. c5 Be5 30. Bf3 Qb1 31. Qa3 Rb8 32. Qa7 Re8 33. Qd7 Rg8 34. Qxe7+ Rg7 35. Qe6 Qxb4 36. Kg2 Qd2 37. c6 Bxg3 38. c7 Be5 39.
c8=Q Qg5+ 40. Kf1 Qf4 41. Bg2 Qd2 42. Bf3 Qd3+ 43. Be2 Qxh3+ 44. Ke1 Qh1+ 45. Kd2 Qe4 46. Qc2 Bf4+ 47. Be3 Qb4+ 48. Qc3 1-0

[Event "Snabb-SM för veteraner, 50+ 2019"]
[Site "Schackcentrum, Vegagatan 20, Gothenburg, Sweden"]
[Date "2019.10.06"]
[Round "7.5"]
[White "Svensson, Sven"]
[Black "Andreasson, Ingvar"]
[Result "1-0"]
[TimeControl "15 minutes + 10 seconds per move from move one"]
[WhiteFideId "1709240"]
[BlackFideId "1700294"]
[WhiteElo "2158"]
[BlackElo "2413"]

1. d4 b5 2. e4 Bb7 3. Bd3 e6 4.
Nf3 c5 5. dxc5 Bxc5 6. Qe2 a6 7. O-O Nc6 8. c3 Nge7 9. b4 Bd6 10. a4 Qc7 11. axb5 axb5 12. Rxa8+ Bxa8 13. Bxb5 Ng6 14.
Rd1 O-O 15. h3 Bf4 16. Bxf4 Qxf4 17. Rxd7 Nce5 18. Nxe5 Qxe5 19. g3 h5 20. h4 Qb8 21. Ba4 Ne5 22. Rd1 Ng4 23. Nd2 Rc8 24.
Rc1 Qa7 25. Bd1 Qa3 26. Nb3 Qa7 27. Ra1 Qb8 28. Nc5 Qe5 29. Qd3 Qb8 30. Bf3 Rd8 31. Qe2 Qe5 32. Rc1 Nf6 33. Bg2 Qc7 34.
Rd1 Rc8 35. Rd3 Qa7 36. Qd1 Qb8 37. Rd6 Ne8 38. Rd3 Nf6 39. Rd4 Bc6 40. Qe1 Ng4 41. Bf3 Nf6 42. Qd1 g6 43. Qd2 Kg7 44.
Rd6 Qa8 45. Rd4 e5 46. Rd6 Nxe4 47. Bxe4 Bxe4 48. Nxe4 Qxe4 49. Rd3 Ra8 50. Qd1 Ra2 51. Rd2 Ra3 52. Rc2 Qc4 53. Qc1 Qa6 54. Rb2 Qc4 55. Rc2 Rb3 56. Kh2 Qd3 57. c4 Rxb4 58.
c5 Qb5 59. c6 Rb1 60. c7 Rxc1 61. Rxc1 Qb2 62. c8=Q Qxf2+ 63. Kh1 Qxg3 64. Qc4 Qf3+ 65.
Kg1 Qg3+ 66. Kf1 Qh3+ 67. Ke1 Qh1+ 68. Kd2 Qg2+ 69. Qe2 Qd5+ 70.
Kc2 Qa2+ 71. Kd1 Qa4+ 72. Ke1 Qxh4+ 73. Kd1 Qd4+ 74. Ke1 h4 75. Rc4 Qg1+ 76. Kd2 Qg5+ 77. Qe3 Qg2+ 78. Qe2 Qd5+ 79.
Kc2 h3 80. Re4 h2 81. Qe1 Qa2+ 82. Kd3 Qg2 83. Rh4 g5 84. Qxe5+ Kg6 85. Rxh2 Qf3+ 86. Kd2 Qa3 87. Qe4+ Kg7 88. Qd4+ Kg6 89. Qd3+ 1-0

[Event "Snabb-SM för veteraner, 50+ 2019"]
[Site "Schackcentrum, Vegagatan 20, Gothenburg, Sweden"]
[Date "2019.10.06"]
[Round "7.6"]
[White "Gamback, Bjorn"]
[Black "Bergre, Joachim"]
[Result "1/2-1/2"]
[TimeControl "15 minutes + 10 seconds per move from move one"]
[WhiteTitle "CM"]
[WhiteFideId "1703161"]
[BlackFideId "1704893"]
[WhiteElo "2120"]
[BlackElo "2035"]

1. e4 d6 2. d4 g6 3.
Nc3 Bg7 4. g3 Nc6 5. Be3 Nf6 6.
Nge2 O-O 7. Bg2 Ng4 8. Bg5 h6 9. Bc1 e5 10. d5 Ne7 11. h3 Nf6 12. O-O Nd7 13. Be3 f5 14. Qd2 Kh7 15.
f4 fxe4 16. Bxe4 Nf6 17. Bg2 Nf5 18. Bf2 exf4 19. Nxf4 h5 20. Rae1 Bh6 21. Ne4 Bd7 22. Qc3 Nxe4 23. Rxe4 Bg7 24.
Qe1 Qg5 25. g4 hxg4 26. hxg4 Nh6 27. Bh4 Qxg4 28. Ne6 Rxf1+ 29. Qxf1 Bxe6 30. Rxg4 Bxg4 31. Qc4 Bf5 32. Qxc7 Ng4 33. Be1 Rc8 34. Qxb7 Rxc2 35. Bf3 Ne5 36. Bd1 Rxb2 37. Qxa7 Rb1 38.
Qa4 Bg4 39. Bxg4 Rxe1+ 40. Kf2 Nd3+ 41. Kg2 Be5 42. Qd7+ Kh6 43.
Qe7 Nf4+ 44. Kf3 Re3+ 45. Kf2 Rd3 46. Qh4+ Kg7 47. Qe7+ Kh6 48. Qh4+ Kg7 49. Qe7+ Kh6 1/2-1/2

[Event "Snabb-SM för veteraner, 50+ 2019"]
[Site "Schackcentrum, Vegagatan 20, Gothenburg, Sweden"]
[Date "2019.10.06"]
[Round "7.7"]
[White "Moller, Mikael"]
[Black "Svenn, Matti"]
[Result "0-1"]
[TimeControl "15 minutes + 10 seconds per move from move one"]
[WhiteFideId "1738461"]
[BlackFideId "1705091"]
[WhiteElo "1826"]
[BlackElo "2195"]

1. d4 Nf6 2. Nf3 g6 3. Nc3 Bg7 4.
e4 d6 5.
Be3 O-O 6. Qd2 Ng4 7. Bg5 h6 8. Bh4 Nc6 9. h3 Nf6 10. Bxf6 exf6 11. O-O-O a6 12. g4 b5 13. Kb1 Re8 14. Re1 Bb7 15. Rg1 Na5 16. Bd3 c5 17.
d5 b4 18. Nd1 c4 19. Bf1 c3 20. Qf4 cxb2 21. Bd3 Bc8 22. Nxb2 Nb7 23. Nd4 Bd7 24. h4 Bb5 25. h5 Bxd3 26.
cxd3 f5 27. Nc6 Qf6 28. Nc4 Qa1+ 29.
Kc2 Qxa2+ 30. Kd1 Qb3+ 31. Ke2 fxe4 0-1